 Dungeon Crawl Stone Soup version 0.17-a0-2098-gf59d6bc (webtiles) character file.

1148 septik the Digger (level 8, -1/43 HPs)
             Began as a Gargoyle Earth Elementalist on Oct 17, 2015.
             Slain by a killer bee zombie (3 damage)
             ... on level 5 of the Dungeon.
             The game lasted 00:26:24 (6372 turns).

septik the Digger (Gargoyle Earth Elementalist)     Turns: 6372, Time: 00:26:24

Health: -1/43      AC:  7    Str: 11    XL:     8   Next: 38%
Magic:  7/17       EV: 12    Int: 19    God:
Gold:   362        SH:  0    Dex: 10    Spells: 3 memorised, 13 levels left

rFire  . . .     SeeInvis .     k - +0 whip
rCold  . . .     Clarity  .     b - +0 robe
rNeg   + . .     SustAt   .     (no shield)
rPois  ∞         Gourm    .     (no helmet)
rElec  +         Spirit   .     (no cloak)
rCorr  .         Warding  .     (no gloves)
rMut   .         Stasis   .     (no boots)
MR     .....                    (no amulet)
Stlth  ++........               (no ring)
                                (no ring)

@: not resistant to hostile enchantments, unstealthy
A: negative energy resistance 1, electricity resistance, unbreathing,
petrification resistance, rot immunity, AC +5
a: no special abilities


You were on level 5 of the Dungeon.
You were not hungry.

You visited 1 branch of the dungeon, and saw 5 of its levels.

You collected 362 gold pieces.

Inventory:

Hand Weapons
 e - a +0 short sword
 g - a +0 club
 k - a +0 whip (weapon)
Missiles
 a - 228 stones (quivered)
Armour
 b - a +0 robe (worn)
 s - a +0 large shield
Jewellery
 l - an uncursed ring of protection from fire {unknown}
 q - an uncursed ring of positive energy {unknown}
 w - a cursed ring of teleportation {unknown}
 y - a +3 ring of dexterity {unknown}
Wands
 h - a wand of draining (8)
Scrolls
 i - a scroll of enchant weapon {unknown}
 j - a scroll of enchant armour {unknown}
 m - 2 scrolls of remove curse {unknown}
 o - 2 scrolls of amnesia {unknown}
 p - 3 scrolls of teleportation {unknown}
 r - 6 scrolls of identify {unknown}
 t - a scroll of immolation {unknown}
 v - a scroll of blinking {unknown}
 x - 3 scrolls of recharging {unknown}
 D - a scroll of magic mapping {unknown}
 F - a scroll of fear
Potions
 f - a potion of invisibility {unknown}
 u - a potion of might {unknown}
 z - a potion of haste {unknown}
 A - a potion of lignification {unknown}
 C - a potion of heal wounds {unknown}
 E - a potion of poison {unknown}
 G - a potion of magic {unknown}
 H - a potion of mutation {unknown}
 I - 2 potions of curing
Books
 c - a book of Geomancy

   Spells                             Type                      Level
   a - Sandblast                      Earth                        1
   b - Stoneskin                      Transmutation/Earth          2
   c - Passwall                       Transmutation/Earth          3
   d - Stone Arrow                    Conjuration/Earth            3
   e - Petrify                        Transmutation/Earth          4
   f - Lee's Rapid Deconstruction     Earth                        5
Comestibles
 d - 4 bread rations
 n - a meat ration
 B - a beef jerky


   Skills:
 + Level 1.2 Fighting
 + Level 1.3 Maces & Flails
 + Level 0.9 Armour
 + Level 1.8 Dodging
 - Level 2.1 Stealth
 + Level 1.4 Shields
 * Level 6.3 Spellcasting
 + Level 4.2 Conjurations
 - Level 0.7 Transmutations
 + Level 6.4 Earth Magic
 + Level 1.2 Evocations


You had 13 spell levels left.
You knew the following spells:

 Your Spells              Type           Power        Failure   Level  Hunger
a - Sandblast             Erth           ####..       1%          1    None
b - Stoneskin             Trmt/Erth      ###.....     4%          2    None
c - Stone Arrow           Conj/Erth      ####..       4%          3    ##.....


Dungeon Overview and Level Annotations

Branches:
Dungeon (5/15)
 Temple: D:4-7

Altars:
The Shining One


Innate Abilities, Weirdness & Mutations

You are resistant to torment.
Your stone body is resilient (AC +5).
You are immune to poison.
You resist negative energy.
You are resistant to electric shocks.
You can survive without breathing.
You are immune to petrification.
You are immune to rotting.


Message History

Press: ? - help, Shift-Dir - straight line, f - killer bee zombie
Aim: a killer bee zombie The blast of sand hits the killer bee zombie.
The killer bee zombie hits you.
* * * LOW HITPOINT WARNING * * *
The killer bee zombie hits you.
* * * LOW HITPOINT WARNING * * *
Casting: Sandblast
Confirm with . or Enter, or press ? or * to list all spells.
Aiming: Sandblast
Press: ? - help, Shift-Dir - straight line, f/p - killer bee zombie
Aim: a killer bee zombie The blast of sand hits the killer bee zombie.
The killer bee zombie hits you but does no damage.
The killer bee zombie hits you.
* * * LOW HITPOINT WARNING * * *
The killer bee zombie barely misses you.
The killer bee zombie hits you but does no damage.
The killer bee zombie hits you.
You die...

#.############.# #.#.##
#.##...........# #.#.#
#.##.########### #.#.#
#.##.# #.#.# #.##.#
#.#.# #.##.# #.#.#
#.##.# #.#.#
#.##.##############.#.#
#.##.#.@............#
#.##.#Z##############
#.##.#.# #....#.#######
######.()....#
#.#.....# #.#.....#
#.≈..≈≈P≈. ##♣≈≈P≈≈♣#


You could see a killer bee zombie.

Vanquished Creatures
  A phantom (D:5)
  An ice beast (D:3)
  A sky beast (D:5)
  2 centaurs (D:5)
  A giant frog (D:5)
  A scorpion (D:5)
  5 killer bees (D:5)
  2 crimson imps
  A giant frog skeleton (D:5)
  2 orc priests (D:3)
  A hound (D:5)
  A centaur skeleton (D:5)
  An iguana (D:4)
  2 worker ants
  4 adders
  2 oozes
  A worm (D:2)
  A giant gecko (D:1)
  8 orcs
  6 bats
  6 giant cockroaches
  9 goblins
  7 hobgoblins
  2 jackals (D:5)
  A quokka (D:5)
  A ball python (D:1)
  6 giant newts
  A goblin skeleton (D:5)
  A jackal skeleton (D:5)
  14 kobolds
  A kobold skeleton (D:5)
  A kobold zombie (D:5)
  3 orc skeletons (D:5)
  2 orc zombies (D:5)
  6 rats
105 creatures vanquished.

Notes
Turn   | Place    | Note
--------------------------------------------------------------
     0 | D:1      | septik the Gargoyle Earth Elementalist began the quest for the Orb.
     0 | D:1      | Reached XP level 1. HP: 10/10 MP: 3/3
   350 | D:1      | Reached XP level 2. HP: 15/15 MP: 1/5
   354 | D:1      | Learned a level 2 spell: Stoneskin
   587 | D:1      | Reached skill level 4 in Earth Magic
  1108 | D:2      | Reached XP level 3. HP: 19/19 MP: 0/7
  1117 | D:2      | Learned a level 3 spell: Stone Arrow
  1715 | D:2      | Reached XP level 4. HP: 24/24 MP: 6/8
  1951 | D:3      | Noticed an ice beast
  2141 | D:3      | Killed an ice beast
  2141 | D:3      | Reached skill level 1 in Conjurations
  2141 | D:3      | Reached XP level 5. HP: 18/28 MP: 3/10
  2874 | D:3      | Reached skill level 5 in Earth Magic
  2888 | D:3      | Reached XP level 6. HP: 11/32 MP: 0/12
  4997 | D:5      | Entered Level 5 of the Dungeon
  5107 | D:5      | Reached skill level 5 in Spellcasting
  5107 | D:5      | Reached XP level 7. HP: 20/36 MP: 6/14
  5354 | D:5      | Reached skill level 6 in Earth Magic
  5611 | D:5      | Found a glowing golden altar of the Shining One.
  5793 | D:5      | Reached XP level 8. HP: 32/42 MP: 2/17
  5820 | D:5      | Reached skill level 1 in Maces & Flails
  5997 | D:5      | Reached skill level 1 in Evocations
  6035 | D:5      | Reached skill level 1 in Fighting
  6035 | D:5      | Reached skill level 1 in Shields
  6368 | D:5      | HP: 2/43 [killer bee zombie (5)]
  6372 | D:5      | Slain by a killer bee zombie

Vault maps used:
D:1:      ncdulo_smallfort, bh_walls_and_bars
D:2:      minivault_27
D:3:      hex_medium, minmay_strange_pillars
D:5:      first_bread, serial_bayou, serial_bayou_shore_b, serial_bayou_pond_c,
          serial_bayou_pond_e, serial_bayou_pond_c, nicolae_tso_besieged_by_evil

Action                   |  1- 3 |  4- 6 |  7- 9 || total
-------------------------+-------+-------+-------++-------
Melee: Short sword       |    16 |       |       ||    16
       Whip              |       |    40 |     7 ||    47
 Cast: Sandblast         |    64 |   122 |   112 ||   298
       Stoneskin         |       |     5 |       ||     5
  Use: Scroll            |       |     1 |       ||     1
  Eat: Chunk             |     2 |     3 |     1 ||     6
       Bread ration      |       |     2 |     1 ||     3
